 Dungeon Crawl Stone Soup version 0.30-a0-1124-g6e8f0f562f (webtiles) character file.

Game seed: 2551917665247850775

67335 jasper the Bewitcher (level 14, -2/70 HPs)
             Began as a Spriggan Conjurer on Apr 23, 2023.
             Was a High Priest of Vehumet.
             Splashed by an acid blob's acid (10 damage)
             ... on level 5 of the Lair of Beasts.
             The game lasted 00:45:16 (28346 turns).

jasper the Bewitcher (Spriggan Conjurer)           Turns: 28346, Time: 00:45:16

Health: -2/70      AC: 11    Str:  3    XL:     14   Next: 82%
Magic:  29/35      EV: 23    Int: 23    God:    Vehumet [*****.]
Gold:   2201       SH:  0    Dex: 15    Spells: 7/45 levels left

rFire   . . .        y - staff of earth
rCold   . . .        (shield currently unavailable)
rNeg    . . .        B - +1 steam dragon scales
rPois   +            (helmet restricted)
rElec   .            S - +0 cloak
rCorr   .            (gloves unavailable)
SInv    +            (boots unavailable)
Will    ++...        U - amulet of magic regeneration
Stlth   +++++        r - +4 ring of protection
HPRegen 0.31/turn    D - ring of poison resistance
MPRegen 0.64/turn

%: no passive effects
@: studying Translocations, very quick
A: very small, no large weapons, unfitting armour, see invisible, speed 3
a: Renounce Religion


You were on level 5 of the Lair of Beasts.
You worshipped Vehumet.
Vehumet was extremely pleased with you.
You visited 4 branches of the dungeon, and saw 22 of its levels.
You also visited: Sewer.

You collected 2520 gold pieces.
You spent 319 gold pieces at shops.

Inventory:

Hand Weapons
 j - a +0 short sword
 s - a +0 falchion of electrocution
 x - the +1 trident of Mastery {flame, rElec}
   (You took it off an orc priest on level 8 of the Dungeon)

   rElec:     It insulates you from electricity.
Armour
 a - a +0 robe
 p - a +2 robe of positive energy
 B - +1 steam dragon scales (worn)
 S - a +0 cloak (worn)
Magical Staves
 l - a staff of poison
 y - a staff of earth (weapon)
Jewellery
 o - a +6 ring of strength
 r - a +4 ring of protection (left hand)
 C - a ring of protection from fire
 D - a ring of poison resistance (right hand)
 E - a ring of protection from fire
 Q - a ring of protection from cold
 U - an amulet of magic regeneration (around neck)
Wands
 t - a wand of paralysis (23)
 w - a wand of flame (12)
 A - a wand of roots (4)
 I - a wand of quicksilver (3)
 T - a wand of digging (3)
Scrolls
 c - 4 scrolls of magic mapping
 f - 5 scrolls of identify
 i - 10 scrolls of teleportation
 m - 6 scrolls of amnesia
 n - 4 scrolls of silence
 q - 4 scrolls of blinking
 F - 5 scrolls of fog
 G - 3 scrolls of poison
 H - 7 scrolls of vulnerability
 J - 6 scrolls of enchant armour
 L - 3 scrolls of fear
 O - 3 scrolls of immolation
 V - a scroll of enchant weapon {unknown}
Potions
 b - 2 potions of magic
 d - 8 potions of mutation
 e - 3 potions of haste
 g - a potion of ambrosia
 h - 4 potions of lignification
 k - 10 potions of curing
 u - 5 potions of brilliance
 v - 2 potions of resistance
 z - 4 potions of degeneration
 K - 2 potions of heal wounds
 M - 5 potions of berserk rage
 N - 2 potions of flight
 P - a potion of might {unknown}
 R - a potion of cancellation {unknown}


   Skills:
 - Level 6.2 Fighting
 - Level 10.1 Dodging
 - Level 12.0 Stealth
 - Level 16.0 Spellcasting
 - Level 6.0 Conjurations
 * Level 18.9 Hexes
 - Level 4.0 Summonings
 - Level 4.0 Earth Magic
 - Level 6.0 Evocations


You had 7 spell levels left.
You knew the following spells:

 Your Spells              Type           Power      Damage    Failure   Level
a - Magic Dart            Conj           100%       1d8       1%          1
b - Stone Arrow           Conj/Erth      100%       3d13      1%          3
c - Passwall              Tmut/Erth      34%        N/A       1%          2
d - Fulminant Prism       Conj/Hex       33%        3d16      1%          4
e - Summon Mana Viper     Hex/Summ       63%        N/A       1%          5
f - Mephitic Cloud        Conj/Pois/Air  27%        N/A       1%          3
g - Yara's Violent Unrav  Hex/Tmut       29%        3d12      1%          5
h - Enfeeble              Hex            40%        N/A       1%          7
i - Discord               Hex            40%        N/A       9%          8

Your spell library contained the following spells:

 Spells                   Type           Power      Damage    Failure   Level
 Fireball                 Conj/Fire      16%        3d8       7%          5
 Tukima's Dance           Hex            81%        N/A       0%          3
 Cause Fear               Hex            40%        N/A       0%          4
 Freeze                   Ice            72%        1d8       1%          1
 Sandblast                Erth           100%       2d20      1%          1
 Summon Small Mammal      Summ           100%       N/A       1%          1
 Searing Ray              Conj           92%        2d7       1%          2
 Call Canine Familiar     Summ           36%        N/A       1%          3
 Dazzling Flash           Conj/Hex       100%       N/A       1%          3
 Hailstorm                Conj/Ice       32%        3d8       1%          3
 Portal Projectile        Hex/Tloc       100%       N/A       1%          3
 Anguish                  Hex/Necr       29%        N/A       1%          4
 Leda's Liquefaction      Hex/Erth       41%        N/A       1%          4
 Silence                  Hex/Air        29%        N/A       1%          5
 Frozen Ramparts          Ice            36%        1d6       2%          3
 Iskenderun's Mystic Bla  Conj/Tloc      32%        2d8       2%          4
 Cigotuvi's Dreadful Rot  Necr/Pois/Air  36%        N/A       4%          2
 Arcjolt                  Conj/Air       16%        1d26      7%          5
 Gell's Gravitas          Tloc           18%        N/A       9%          3
 Ozocubu's Armour         Ice            18%        N/A       9%          3
 Teleport Other           Tloc           18%        N/A       9%          3
 Vhi's Electric Charge    Tloc/Air       36%        N/A       9%          3
 Summon Ice Beast         Ice/Summ       27%        N/A       13%         4
 Summon Lightning Spire   Summ/Air       27%        N/A       13%         4
 Dispel Undead            Necr           18%        3d11      30%         4
 Passage of Golubria      Tloc           18%        N/A       30%         4
 Conjure Ball Lightning   Conj/Air       16%        3x3d6     32%         6
 Summon Forest            Summ/Tloc      13%        N/A       36%         5
 Blade Hands              Tmut           9%         N/A       63%         5
 Summon Cactus Giant      Summ           18%        N/A       65%         6
 Death Channel            Necr           9%         N/A       99%         6
 Dispersal                Tloc           9%         N/A       99%         6
 Monstrous Menagerie      Summ           18%        N/A       99%         7
 Ozocubu's Refrigeration  Ice            9%         4d9       99%         7
 Lehudib's Crystal Spear  Conj/Erth      29%        10d8      99%         8
 Disjunction              Tloc           9%         N/A       100%        8
 Maxwell's Capacitive Co  Air            9%         ∞         100%        8


Dungeon Overview and Level Annotations

Branches:
Dungeon (14/15)            Temple (1/1) D:6            Lair (5/5) D:11
 Shoals (0/4) Lair:2        Snake (0/4) Lair:3        Slime (0/5) Lair:5
    Orc (2/2) D:9             Elf (0/3) Orc:2         Sewer (visited)
 Vaults: D:13-14

Altars:
Ashenzari
Cheibriados
Dithmenos
Elyvilon
Fedhas
Gozag
Hepliaklqana
Kikubaaqudgha
Makhleb
Nemelex Xobeh
Okawaru
Qazlal
Ru
Sif Muna
Trog
Uskayaw
Vehumet
Wu Jian
Xom
Yredelemnul
Zin
The Shining One
Jiyva

Shops:
D:7 ?   D:9 (   D:13 ?

Annotations:
D:4 2 transporters
D:13 3 runed translucent doors, Alealo Viph's ghost, journeyman TrFi
Lair:5 hikkokomori's ghost, journeyman GnEE


Innate Abilities, Weirdness & Mutations

You are very small and have problems with some larger weapons.
You are too small for most types of armour.
You have supernaturally acute eyesight. (SInv)
You cover ground extremely quickly. (Speed+++)


Message History

The azure jelly barely misses hikkokomori's ghost.
The acid blob spits acid at you. The splash of acid misses you.
The splash of acid hits the plant!
The rockslime hits the large slime creature!!!
The large slime creature stumbles backwards!
A large slime creature splits.
Hikkokomori's ghost hits the azure jelly but does no damage.
The great orb of eyes completely misses you.
The azure jelly hits the azure jelly!
The azure jelly freezes the azure jelly!
The azure jelly resists.
The azure jelly hits the azure jelly!
The azure jelly freezes the azure jelly!!
The azure jelly resists.
The azure jelly hits the azure jelly!
The azure jelly hits the azure jelly. x2
The azure jelly freezes the azure jelly!
The azure jelly resists.
The azure jelly hits the azure jelly!
The azure jelly freezes the azure jelly!
The azure jelly resists.
The azure jelly hits the azure jelly. x2
You hit the plant.
The plant is lightly damaged.
A nearby plant withers and dies.
The rockslime hits the slime creature!!!
The slime creature stumbles backwards!
The slime creature dies!
Vehumet accepts your kill.
Hikkokomori's ghost misses the azure jelly.
The azure jelly hits the azure jelly.
The azure jelly freezes the azure jelly!!
The azure jelly resists.
The azure jelly dies!
Vehumet accepts your kill.
The slime creature barely misses the rockslime.
The rockslime hits the slime creature!!!
The slime creature stumbles backwards!
The slime creature dies!
Vehumet accepts your kill. The acid blob hits you!!
* * * LOW HITPOINT WARNING * * *
You are splashed with acid!
You die...

.P#.....###...#######......### #.
..########......#.#.#........###.
...# ###P.......(...............
...####..P.......................
.................................
.................................
.................................
.#.#P..###.......................
.#.#..##........@G...##.......P..
.)....###......#J....#.....#...##
.......###.....##'''##.......####
.......##.....##W....##....P..#..
.##....##.....#..J....#..........
.#..###.##....#....J..#.....##...
...#######....#.......#....###...
..##P.#.......##.![?.##...(.##...
..............###[_)###....#.##..


You could see an acid blob, a great orb of eyes, a neutral azure jelly (fast,
strong, insane, unaware), a neutral rockslime (fast, strong, insane, unaware)
and the neutral hikkokomori's ghost (fast, strong, insane, unaware, corroded).

Vanquished Creatures
  A fire dragon (Lair:5)
  5 hydras
  3 centaur warriors
  2 two-headed ogres
  3 boulder beetles
  A tengu warrior (D:13)
  4 death yaks (Lair:4)
  3 skysharks
  Pikel (D:9)
  A harpy (Lair:2)
  An oklob plant (Lair:3)
  A cyclops (D:13)
  4 ugly things
  4 manticores
  3 elephants (Lair:5)
  4 centaur zombies (D:10)
  6 black mambas
  3 gargoyles
  8 cane toads
  2 unseen horror zombies (D:10)
  2 torpor snails
  5 rime drakes
  10 komodo dragons
  2 unseen horrors
  4 polar bears
  A wind drake (shapeshifter) (D:13)
  3 trolls
  4 raiju (Lair:5)
  8 dream sheep
  11 blink frogs
  10 slime creatures
  3 shadows (D:10)
  5 vampires (D:10)
  Sigmund (D:2)
  38 yaks
  2 water elementals (D:11)
  5 wyverns
  3 basilisks
  3 wraiths
  5 steam dragons
  3 vampire mosquitoes (D:12)
  2 wargs (Lair:5)
  An acid dragon (D:10)
  6 hell hounds (Lair:5)
  19 water moccasins
  3 sky beasts (D:7)
  10 orc warriors
  11 black bears
  2 ice beasts
  An ogre (D:7)
  4 boggarts (Lair:4)
  16 wolves
  12 centaurs
  A phantom (D:4)
  A kobold brigand (D:8)
  12 bullfrogs
  3 scorpions
  5 electric eels
  5 howler monkeys
  4 hounds
  2 jellies (D:6)
  15 orc priests
  2 gnoll boudas (D:6)
  2 sleepcaps
  3 iguanas
  11 orc wizards
  A howler monkey zombie (D:10)
  9 gnolls (D:6)
  8 adders
  A white imp (D:5)
  An ufetubus (D:6)
  3 worms
  A dart slug (D:2)
  59 orcs
  12 ball pythons
  2 bats
  15 endoplasms
  9 giant cockroaches
  5 goblins
  6 hobgoblins
  7 kobolds
  14 quokkas
  11 frilled lizards
  9 rats
514 creatures vanquished.

Vanquished Creatures (collateral kills)
  2 azure jellies (Lair:5)
  A swamp dragon (Lair:5)
  An elephant (Lair:5)
  A black mamba (Lair:4)
  2 cane toads (Lair:4)
  2 rime drakes (Lair:5)
  6 polar bears (Lair:5)
  7 slime creatures
  A shadow (D:10)
  A wyvern (Lair:4)
  9 yaks
  3 wargs
  A water moccasin (Lair:3)
  4 hell hounds (Lair:5)
  An orc warrior (Orc:2)
  A swamp drake (Lair:5)
  2 black bears (Lair:5)
  An ogre (Orc:2)
  6 wolves
  2 iguanas (Lair:5)
  An orc wizard (D:12)
  2 orcs (D:12)
57 creatures vanquished.

Vanquished Creatures (others)
  A slime creature (Lair:5)
  2 polar bears (Lair:5)
  3 yaks (Lair:5)
  An acid dragon (Lair:5)
  3 hell hounds (Lair:5)
  A black bear (Lair:5)
  3 wolves (Lair:5)
  An iguana (Lair:5)
  An orc wizard (D:6)
  21 fulminant prisms
  30 fungi
  87 plants
154 creatures vanquished.

Grand Total: 725 creatures vanquished

Notes
Turn   | Place    | Note
-------+----------+-------------------------------------------
     0 | D:1      | jasper the Spriggan Conjurer began the quest for the Orb.
     0 | D:1      | Reached XP level 1. HP: 9/9 MP: 5/5
   414 | D:1      | Reached XP level 2. HP: 14/14 MP: 3/6
  1405 | D:2      | Reached XP level 3. HP: 17/17 MP: 1/8
  1409 | D:2      | Learned a level 3 spell: Stone Arrow
  1412 | D:2      | Learned a level 2 spell: Passwall
  1908 | D:2      | Noticed Sigmund
  2304 | D:3      | Reached skill level 1 in Earth Magic
  2304 | D:3      | Reached XP level 4. HP: 20/21 MP: 4/10
  2380 | D:3      | Learned a level 4 spell: Fulminant Prism
  2709 | D:4      | Found a broken altar of Ashenzari.
  2712 | D:4      | Noticed a phantom
  2723 | D:4      | Killed a phantom
  2724 | D:4      | Reached XP level 5. HP: 17/25 MP: 1/11
  3052 | D:4      | Reached XP level 6. HP: 29/29 MP: 5/12
  3109 | D:4      | Found a stormy altar of Qazlal.
  3405 | D:4      | Found a transporter.
  3418 | D:4      | Found a transporter.
  3636 | D:5      | Entered Level 5 of the Dungeon
  3714 | D:5      | Noticed a wyvern
  4181 | D:6      | Reached skill level 1 in Hexes
  4306 | D:6      | Found a glowing drain.
  4311 | Sewer    | Entered a sewer
  4724 | Sewer    | Reached XP level 7. HP: 32/32 MP: 11/13
  5121 | Sewer    | Reached skill level 2 in Hexes
  5264 | D:6      | Reached skill level 3 in Hexes
  5266 | D:6      | Reached skill level 5 in Conjurations
  5458 | D:6      | Noticed a steam dragon
  5540 | D:6      | Reached skill level 4 in Hexes
  5548 | D:6      | Killed a steam dragon
  5549 | D:6      | Reached XP level 8. HP: 37/37 MP: 2/14
  5642 | D:6      | Reached skill level 5 in Hexes
  6183 | D:6      | Found a staircase to the Ecumenical Temple.
  6249 | D:6      | Reached skill level 6 in Hexes
  6364 | Temple   | Entered the Ecumenical Temple
  6374 | Temple   | Became a worshipper of Vehumet
  6542 | D:6      | Found a hide-covered altar of Uskayaw.
  6543 | D:6      | Found a bloodstained altar of Trog.
  7099 | D:5      | Found an ornate altar of the Wu Jian Council.
  7271 | D:2      | Killed Sigmund
  7272 | D:2      | Reached skill level 5 in Evocations
  7789 | D:7      | Reached skill level 1 in Fighting
  7902 | D:7      | Found a transporter.
  7933 | D:7      | Found Zoorogg's Magic Scroll Emporium.
  7971 | D:7      | Bought a scroll of blinking for 105 gold pieces
  7971 | D:7      | Bought a scroll of fog for 56 gold pieces
  7971 | D:7      | Bought a scroll of teleportation for 42 gold pieces
  7971 | D:7      | Bought a scroll of identify for 28 gold pieces
  7971 | D:7      | Bought a scroll of identify for 28 gold pieces
  8127 | D:7      | Found a transporter.
  8198 | D:7      | Reached XP level 9. HP: 41/41 MP: 12/16
  8264 | D:7      | Found an ancient bone altar of Kikubaaqudgha.
  8370 | D:7      | Reached skill level 5 in Spellcasting
  8520 | D:7      | Reached skill level 5 in Stealth
  8538 | D:7      | Reached * piety under Vehumet
  8538 | D:7      | Offered knowledge of Kiss of Death by Vehumet.
  9009 | D:8      | Identified the +1 trident of Mastery {flame, rElec}
  9147 | D:7      | Reached skill level 5 in Dodging
  9900 | D:8      | Learned a level 5 spell: Summon Mana Viper
 10213 | D:9      | Reached ** piety under Vehumet
 10351 | D:9      | Offered knowledge of Shock by Vehumet.
 10352 | D:9      | Reached XP level 10. HP: 34/49 MP: 18/22
 10407 | D:9      | Noticed Pikel
 10411 | D:9      | Killed Pikel
 11030 | D:9      | Found a staircase to the Orcish Mines.
 11032 | D:9      | Found Kainn's Weapon Emporium.
 11318 | D:10     | Entered Level 10 of the Dungeon
 11454 | D:10     | Found a glowing golden altar of the Shining One.
 11518 | D:10     | Reached skill level 1 in Summonings
 11844 | D:10     | Reached skill level 7 in Hexes
 12062 | D:10     | Reached skill level 8 in Hexes
 12074 | D:10     | Reached XP level 11. HP: 28/53 MP: 10/25
 12518 | D:10     | Noticed a two-headed ogre
 12524 | D:10     | Killed a two-headed ogre
 12524 | D:10     | Offered knowledge of Mephitic Cloud by Vehumet.
 12529 | D:10     | Learned a level 3 spell: Mephitic Cloud
 12606 | D:10     | Reached skill level 9 in Hexes
 12606 | D:10     | Reached *** piety under Vehumet
 12648 | D:10     | Reached skill level 10 in Spellcasting
 13090 | D:11     | Noticed a brown ugly thing
 13115 | D:11     | Killed a brown ugly thing
 13239 | D:11     | Found a staircase to the Lair.
 13577 | D:11     | Noticed a boulder beetle
 13586 | D:11     | Killed a boulder beetle
 13587 | D:11     | Reached skill level 5 in Fighting
 13587 | D:11     | Reached skill level 10 in Stealth
 14201 | Lair:1   | Entered Level 1 of the Lair of Beasts
 14272 | Lair:1   | Identified a scroll of acquirement
 14274 | Lair:1   | Acquired the Cyclopedia of Amalgamated Misfortune
 14282 | Lair:1   | Learned a level 5 spell: Yara's Violent Unravelling
 14783 | Lair:1   | Reached XP level 12. HP: 60/60 MP: 17/28
 15011 | Lair:1   | Offered knowledge of Olgreb's Toxic Radiance by Vehumet.
 16054 | Lair:2   | Found a staircase to the Shoals.
 16138 | Lair:2   | Reached **** piety under Vehumet
 16317 | Lair:2   | Reached skill level 10 in Dodging
 16415 | Lair:2   | Offered knowledge of Flame Wave by Vehumet.
 16817 | Lair:2   | Learned a level 7 spell: Enfeeble
 16959 | Lair:3   | Found an ornate altar of the Wu Jian Council.
 16959 | Lair:3   | Noticed a boulder beetle
 16960 | Lair:3   | Found a hide-covered altar of Uskayaw.
 16971 | Lair:3   | Killed a boulder beetle
 17406 | Lair:3   | Found a staircase to the Snake Pit.
 17446 | Lair:3   | Reached skill level 10 in Hexes
 17921 | Lair:3   | Reached skill level 11 in Hexes
 18169 | Lair:3   | Reached XP level 13. HP: 65/65 MP: 22/31
 18822 | Lair:4   | Reached skill level 12 in Hexes
 19029 | Lair:4   | Reached ***** piety under Vehumet
 19402 | Lair:4   | Offered knowledge of Sticky Flame by Vehumet.
 19593 | Orc:1    | Entered Level 1 of the Orcish Mines
 19689 | Orc:2    | Entered Level 2 of the Orcish Mines
 19689 | Orc:2    | Found a staircase to the Elven Halls.
 20278 | D:12     | Acquired 411 gold pieces
 20290 | D:12     | Reached skill level 13 in Hexes
 21618 | D:13     | Reached skill level 14 in Hexes
 21721 | D:13     | Found Cudirrol's Magic Scroll Shoppe.
 21727 | D:13     | Bought a scroll of immolation for 60 gold pieces
 21907 | D:13     | Reached skill level 15 in Spellcasting
 22993 | D:13     | Found a runed translucent gate.
 22993 | D:13     | Found a runed translucent gate.
 22993 | D:13     | Found a runed translucent gate.
 22996 | D:13     | Noticed Alealo Viph's ghost (journeyman TrFi)
 23258 | D:14     | Reached skill level 15 in Hexes
 23591 | D:13     | Reached XP level 14. HP: 11/70 MP: 2/34
 25020 | Lair:5   | Entered Level 5 of the Lair of Beasts
 25362 | Lair:5   | Reached skill level 16 in Hexes
 25839 | Lair:5   | Learned a level 8 spell: Discord
 26894 | Lair:5   | Reached skill level 17 in Hexes
 26904 | Lair:5   | Found a runed translucent gate.
 26904 | Lair:5   | Found a runed translucent gate.
 26904 | Lair:5   | Found a runed translucent gate.
 26905 | Lair:5   | Noticed an acid blob
 26905 | Lair:5   | Noticed an azure jelly
 26965 | Lair:5   | Noticed an azure jelly
 26966 | Lair:5   | Noticed an azure jelly
 26966 | Lair:5   | Noticed hikkokomori's ghost (journeyman GnEE)
 26968 | Lair:5   | Found a viscous altar of Jiyva.
 26968 | Lair:5   | Noticed a rockslime
 27521 | Lair:5   | Reached skill level 18 in Hexes
 27534 | Lair:5   | Offered knowledge of Fireball by Vehumet.
 27952 | Lair:5   | Found a staircase to the Slime Pits.
 27952 | Lair:5   | Found a viscous altar of Jiyva.
 28344 | Lair:5   | Killed an azure jelly
 28346 | Lair:5   | Killed an azure jelly
 28346 | Lair:5   | Splashed by an acid blob's acid

Illustrated notes

Levels and vault maps discovered:
D:1:      saegor_arrival_simple_d, layout_basic, minmay_pentomino_t4
D:2:      layout_basic, uniq_sigmund
D:3:      layout_basic
D:4:      layout_cave_pools, gammafunk_temple_overflow_arena,
          grunt_qazlal_clouds, serial_column_ruins, column_ruins_circle_medium,
          column_ruins_hut_ruined, column_ruins_corridor_straight,
          column_ruins_open_large, column_ruins_grid_3, column_ruins_open_tiny,
          column_ruins_columns_water, column_ruins_columns_T,
          grunt_decor_junction
D:5:      layout_rooms, mainiacjoe_overflow_surrounded_room
D:6:      layout_loops_ring, grunt_temple_overflow_open,
          lemuel_temple_firewalk_b, gup_sewer_entry_bowl,
          nicolae_concentric_dashed_squares_wild
D:7:      gammafunk_steamed_eel, layout_rooms,
          nicolae_kikubaaqudgha_miasma_corner, nicolae_stop_n_shop_1,
          hangedman_misty_isle
D:8:      layout_rooms, minivault_19
D:9:      layout_cave_pools, orc_david_3, uniq_pikel
D:10:     layout_loops_ring, tso_oasis_becter, serial_undead, serial_undead_c,
          serial_undead_d, serial_undead_d, serial_undead_d, minmay_puff
D:11:     layout_loops_ring, lair_entry_dummy, kennysheep_boxes
D:12:     layout_big_octagon
D:13:     layout_basic, gammafunk_ghost_nasty_kobolds, serial_shops,
          nicolae_diamond_shop
D:14:     cheibrodos_quadrivalence, layout_irregular_city, erik_vaults_1,
          nicolae_danse_macabre
Temple:   nicolae_temple_no_exploring_needed
Lair:1:   layout_roguey
Lair:2:   layout_hall_layers, nicolae_shoals_entry_roost,
          chequers_serial_rivers_micro_a, serial_bayou_shore_a,
          grunt_megastairs_2
Lair:3:   layout_roguey, minmay_snake_entry_six_corridors,
          nzn_masters_of_martial_movement, lemuel_fruit_tree
Lair:4:   layout_cave_pods, kilobyte_rumbling_trees, grunt_megastairs_4
Lair:5:   hangedman_lair_caniforms_friends, layout_regular_city,
          guppyfry_lair_end_dragon, slime_entry_1, gammafunk_ghost_ooze,
          minivault_25, lemuel_fruit_fields
Orc:1:    layout_diamond_mine, mines2_david
Orc:2:    hellmonk_orc_salted, layout_caves, serial_shops, nicolae_square_shop,
          uniq_josephine

Skill      XL: |  1  2  3  4  5  6  7  8  9 10 11 12 13 14 |
---------------+-------------------------------------------+-----
Conjurations   | 3 4 5 6 |  6.0
Spellcasting   | 3 4 7 9 11 13 15 16 | 16.0
Dodging        | 3 5 7 8 10 | 10.1
Earth Magic    | 1 2 4 |  4.0
Hexes          | 1 4 6 8 9 11 15 18 | 18.9
Evocations     | 6 |  6.0
Fighting       | 1 3 4 5 6 |  6.2
Stealth        | 4 7 8 10 12 | 12.0
Summonings     | 3 4 |  4.0

Action                     |  1- 3 |  4- 6 |  7- 9 | 10-12 | 13-15 || total
---------------------------+-------+-------+-------+-------+-------++-------
  Melee: Falchion          |     4 |    29 |       |       |       ||    33
         Punch             |       |     1 |       |       |       ||     1
         Staff             |       |       |    22 |    10 |    39 ||    71
   Cast: Magic Dart        |   109 |   125 |   104 |       |     1 ||   339
         Stone Arrow       |       |    17 |   124 |   306 |   411 ||   858
         Summon Mana Viper |       |       |       |     7 |     5 ||    12
         Mephitic Cloud    |       |       |       |     6 |    10 ||    16
         Fulminant Prism   |       |       |       |     1 |    20 ||    21
         Enfeeble          |       |       |       |       |    40 ||    40
         Yara's Violent Un |       |       |       |       |    21 ||    21
         Passwall          |       |       |       |       |     2 ||     2
         Discord           |       |       |       |       |    11 ||    11
  Evoke: Wand              |     3 |     4 |    10 |    25 |    19 ||    61
    Use: Scroll            |       |       |    14 |     9 |     5 ||    28
   Stab: Invisible         |       |       |       |       |     2 ||     2
 Armour: Robe              |     1 |     4 |       |       |       ||     5
         Steam dragon scal |       |       |     6 |    20 |    34 ||    60
  Dodge: Dodged            |     7 |    45 |    45 |    93 |   204 ||   394

Table legend: (Time is in decaauts)
 A = Elapsed time spent in this place.
 B = Non-inter-level travel time spent in this place.
 C = Inter-level travel time spent in this place.
 D = Time resting spent in this place.
 E = Time spent auto-exploring this place.
 F = Levels seen in this place.
 G = Mean time per level.
                   A        B        C        D        E       F      G
               +--------+--------+--------+--------+--------+-----+--------+
         Total |  23748 |  22993 |    755 |   2954 |  16844 |  23 | 1032.5 |
       Dungeon |  14058 |  13570 |    488 |   1619 |  10228 |  14 | 1004.1 |
        Temple |     21 |     21 |      0 |      7 |      0 |   1 |   21.0 |
          Lair |   8289 |   8039 |    250 |    939 |   5848 |   5 | 1657.8 |
  Orcish Mines |    472 |    457 |     15 |    318 |     68 |   2 |  236.0 |
         Sewer |    906 |    906 |      0 |     71 |    698 |   1 |  906.0 |
               +--------+--------+--------+--------+--------+-----+--------+

Top non-repeatable levels by time:
  Lair:5: 2466 daAuts
  Lair:4: 2100 daAuts
    D:13: 1803 daAuts
     D:6: 1688 daAuts
  Lair:3: 1487 daAuts
    D:10: 1383 daAuts
  Lair:2: 1159 daAuts
     D:8: 1109 daAuts
    D:11: 1080 daAuts
  Lair:1: 1075 daAuts
     D:7: 1062 daAuts
     D:9: 996 daAuts
    D:12: 939 daAuts
     D:1: 908 daAuts
   Sewer: 906 daAuts
